 Dungeon Crawl Stone Soup version 0.24-a0-441-g27f0392e16 (webtiles) character file.

Game seed: 11372343706920583000

478 gruber the Conjurer (level 7, -2/41 HPs)
             Began as an Octopode Conjurer on June 19, 2019.
             Slain by Pikel
             ... wielding a +2 whip of flaming
              (4 damage)
             ... on level 5 of the Dungeon.
             The game lasted 00:07:24 (4459 turns).

gruber the Conjurer (Octopode Conjurer)             Turns: 4459, Time: 00:07:24

Health: -2/41      AC:  1    Str:  7    XL:     7   Next: 11%
Magic:  3/15       EV: 13    Int: 22    God:
Gold:   200        SH:  0    Dex: 13    Spells: 6/16 levels left

rFire    x . .     SeeInvis .   j - +0 trident
rCold    + . .     Gourm    +   (no shield)
rNeg     . . .     Faith    .   (helmet restricted)
rPois    .         Spirit   .   v - amulet of the gourmand
rElec    .         Reflect  .   a - +3 ring of intelligence
rCorr    .         Harm     .   e - ring of ice
MR       .....                  (no ring)
Stlth    +++.......             (no ring)
HPRegen  0.13/turn              (no ring)
MPRegen  0.14/turn              (no ring)
                                (no ring)
                                (no ring)

@: no status effects
A: almost no armour, stealthy swim, amphibious, 8 rings, constrict 8, camouflage
1, gelatinous body 1
a: no special abilities


You were on level 5 of the Dungeon.
You were not hungry.

You visited 1 branch of the dungeon, and saw 5 of its levels.

You collected 200 gold pieces.

Inventory:

Hand Weapons
 j - a +0 trident (weapon)
Missiles
 q - 14 poisoned darts (quivered)
Jewellery
 a - a +3 ring of intelligence (left tentacle)
 e - a ring of ice (right tentacle)
 v - an amulet of the gourmand (around mantle)
Wands
 m - a wand of clouds (6)
 s - a wand of enslavement (7)
Scrolls
 c - 6 scrolls of identify {unknown}
 f - a scroll of amnesia {unknown}
 g - 4 scrolls of magic mapping {unknown}
 i - 3 scrolls of teleportation {unknown}
 k - a scroll of random uselessness {unknown}
 l - 4 scrolls of remove curse {unknown}
 p - a scroll of blinking {unknown}
Potions
 d - 3 potions of flight {unknown}
 h - a potion of berserk rage {unknown}
 n - 2 potions of lignification {unknown}
 o - a potion of magic {unknown}
 r - 2 potions of haste {unknown}
 t - 3 potions of curing
 u - a potion of cancellation {unknown}
 w - a potion of invisibility {unknown}
Comestibles
 b - 7 rations


   Skills:
 - Level 2.0 Dodging
 - Level 2.6 Stealth
 * Level 5.3 Spellcasting
 + Level 6.1 Conjurations


You had 6 spell levels left.
You knew the following spells:

 Your Spells              Type           Power        Failure   Level  Hunger
a - Magic Dart            Conj           ####         1%          1    None
b - Searing Ray           Conj           ####..       1%          2    None
c - Dazzling Spray        Conj/Hex       ###...       9%          3    ##.....
d - Force Lance           Conj/Tloc      ###.....     26%         4    ####...

Your spell library contained the following spells:

 Spells                   Type           Power        Failure   Level  Hunger
 Iskenderun's Mystic Bla  Conj           ####....     8%          4    ####...
 Fulminant Prism          Conj/Hex       ###.......   26%         4    ####...


Dungeon Overview and Level Annotations

Branches:
Dungeon (5/15)
 Temple: D:4-7

Altars:
Ashenzari
Cheibriados
Dithmenos
Fedhas
Kikubaaqudgha
Trog
Zin

Annotations:
D:4 1 runed translucent door, mortelune's ghost, amateur DDEE
D:5 Pikel


Innate Abilities, Weirdness & Mutations

You cannot wear most types of armour.
You are very stealthy in the water. (Stealth+)
You are amphibious.
You can wear up to eight rings at the same time.
You can use your tentacles to constrict eight enemies at once.
Your skin changes colour to match your surroundings (Stealth+).
Your rubbery body absorbs attacks. (AC +1, EV +1)


Message History

* * * LOW HITPOINT WARNING * * *
Pikel burns you.
* * * LOW HITPOINT WARNING * * *
The slave shouts!
Pikel cracks his whip.
There is a stone staircase leading up here.
Pikel says, "I just want to get paid!"
There is a stone staircase leading down here.
Casting: Dazzling Spray (safe; 9% risk of failure)
Confirm with . or Enter, or press ? or * to list all spells.
Aiming: Dazzling Spray (safe; 9% risk of failure)
Press: ? - help, Shift-Dir - straight line, f/p - Pikel
Aim: Pikel, wielding a +2 whip of flaming and wearing a +0 robe (heavily wounded)
The spray of energy hits Pikel.
Pikel is severely wounded.
Pikel is dazzled.
Pikel hits you with a +2 whip of flaming!
* * * LOW HITPOINT WARNING * * *
Pikel burns you.
You die...

#####.##.#p# #...
#.....##.#.# #.##
#.######.#.######.##
#.# #.p..........
#.# #.#..........
#.# #p...........
#.# #.########.##
#.######.## #.##
#..@Kp.p..# #.#.
########.## #... ###
###. ## #


You could see Pikel (blind) and 2 slaves.

Vanquished Creatures
  A centaur (D:5)
  A scorpion (D:4)
  A howler monkey (D:4)
  A crimson imp (D:5)
  2 hounds
  2 worker ants (D:4)
  A hound zombie (D:5)
  5 adders
  3 gnolls (D:5)
  An ooze (D:4)
  An adder skeleton (D:4)
  2 worms
  5 leopard geckos
  2 ball pythons
  2 bat zombies (D:3)
  3 giant cockroaches
  2 goblins (D:3)
  5 hobgoblins
  8 jackals
  3 quokkas
  3 bats
  6 frilled lizards
  2 jackal zombies
  10 kobolds
  A leopard gecko skeleton (D:4)
  5 rats (D:1)
  3 rat zombies (D:3)
81 creatures vanquished.

Notes
Turn   | Place    | Note
-------+----------+-------------------------------------------
     0 | D:1      | gruber the Octopode Conjurer began the quest for the Orb.
     0 | D:1      | Reached XP level 1. HP: 11/11 MP: 3/3
   569 | D:1      | Reached XP level 2. HP: 17/17 MP: 1/5
   709 | D:1      | You fall into a shaft and drop 1 floor!
   709 | D:2      | Found a snail-covered altar of Cheibriados.
   867 | D:2      | Found a blossoming altar of Fedhas.
   885 | D:2      | Reached XP level 3. HP: 21/21 MP: 1/6
  1127 | D:2      | Reached skill level 5 in Conjurations
  1142 | D:2      | Found a shadowy altar of Dithmenos.
  1737 | D:3      | Reached XP level 4. HP: 4/27 MP: 0/8
  1823 | D:3      | Found a faded altar of an unknown god.
  2031 | D:3      | Found a shattered altar of Ashenzari.
  2456 | D:3      | Found an ancient bone altar of Kikubaaqudgha.
  2633 | D:4      | Reached XP level 5. HP: 21/31 MP: 5/9
  2681 | D:4      | Found a runed translucent door.
  2692 | D:4      | Learned a level 2 spell: Searing Ray
  2696 | D:4      | Learned a level 3 spell: Dazzling Spray
  2701 | D:4      | Learned a level 4 spell: Force Lance
  2916 | D:4      | Found a bloodstained altar of Trog.
  2958 | D:4      | Found a glowing silver altar of Zin.
  2985 | D:4      | Reached XP level 6. HP: 30/36 MP: 3/12
  3351 | D:4      | Noticed mortelune's ghost (amateur DDEE)
  3361 | D:5      | Entered Level 5 of the Dungeon
  3698 | D:5      | Reached skill level 5 in Spellcasting
  3698 | D:5      | Reached skill level 6 in Conjurations
  3725 | D:5      | Reached XP level 7. HP: 21/41 MP: 7/14
  3909 | D:5      | Noticed Pikel
  4459 | D:5      | HP: 2/41 [Pikel/+2 whip of flaming (11)]
  4459 | D:5      | Slain by Pikel

Levels and vault maps discovered:
D:1:      minmay_arrival_shattered_statue, layout_basic
D:2:      layout_loops_ring, lemuel_round_altar, overflow_temple_1_default,
          lemuel_crystal_altar
D:3:      layout_basic, lemuel_zombie_altar_kikubaaqudgha, lemuel_crystal_altar,
          chequers_ecumenical_altar_twisty
D:4:      layout_cave_pools, lemuel_doored_altar, zin_treasury,
          ebering_ghost_sewer_d, serial_column_ruins, column_ruins_hut_ruined,
          column_ruins_open_medium, column_ruins_grid_1,
          column_ruins_columns_straight, column_ruins_columns_straight,
          column_ruins_open_small, nrook_uturn
D:5:      layout_loops_ring, minmay_temple_entry_poolview, first_ration,
          serial_bayou_ford_a, uniq_pikel, uniq_sigmund

Skill      XL: |  1  2  3  4  5  6 |
---------------+-------------------+-----
Conjurations   | 5 6 |  6.1
Spellcasting   | 3 4 5 |  5.3
Dodging        | |  2.0
Stealth        | |  2.6

Action                   |  1- 3 |  4- 6 |  7- 9 || total
-------------------------+-------+-------+-------++-------
Melee: Unarmed           |     7 |       |       ||     7
       Constrict         |     3 |     9 |     4 ||    16
       Short sword       |     2 |       |       ||     2
       Tentacles         |     1 |     8 |     4 ||    13
       Trident           |     7 |    27 |    24 ||    58
 Cast: Magic Dart        |    54 |    74 |     1 ||   129
       Searing Ray       |       |    11 |     3 ||    14
       Dazzling Spray    |       |       |     4 ||     4
 Stab: Sleeping          |       |       |     1 ||     1
  Eat: Chunk             |     1 |     9 |       ||    10
       Ration            |       |     1 |       ||     1
Armor: Skin              |     1 |     7 |     2 ||    10
Dodge: Dodged            |    13 |    41 |    12 ||    66

Table legend:
 A = Non-vault XP
 B = Vault XP
 C = Vault XP percentage of total XP
 D = Non-vault monster count
 E = Vault monster count
 F = Vault count percentage of total count
                 A         B        C        D         E       F
            +---------+---------+-------+---------+---------+-------
      Total |     677 |       7 |   1.0 |      76 |       5 |   6.2
            +---------+---------+-------+---------+---------+-------
        D:1 |      18 |       0 |   0.0 |      12 |       0 |   0.0
        D:2 |      58 |       0 |   0.0 |      14 |       0 |   0.0
        D:3 |      64 |       7 |   9.9 |      24 |       5 |  17.2
        D:4 |     263 |       0 |   0.0 |      16 |       0 |   0.0
        D:5 |     274 |       0 |   0.0 |      10 |       0 |   0.0
            +---------+---------+-------+---------+---------+-------
